 Dungeon Crawl Stone Soup version 0.29-a0-422-gafbd6decc1 (console) character file.

Game seed: 12136804018612506557

9974 om the Nimble (level 11, -1/105 HPs)
             Began as a Troll Berserker on May 18, 2022.
             Was an Elder of Trog.
             Slain by a six-headed hydra (10 damage)
             ... on level 1 of the Lair of Beasts.
             The game lasted 00:15:34 (7931 turns).

om the Nimble (Troll Berserker)                     Turns: 7931, Time: 00:15:36

Health: -1/105     AC:  9    Str: 31    XL:     11   Next: 30%
Magic:  10/10      EV: 15    Int:  8    God:    Trog [****..]
Gold:   578        SH:  0    Dex: 17    Spells: 10/10 levels left

rFire   . . .      SeeInvis .   r - +0 giant spiked club
rCold   . . .      Faith    .   (shield currently unavailable)
rNeg    . . .      Spirit   .   G - +0 acid dragon scales
rPois   .          Reflect  .   l - +1 hat
rElec   .          Harm     .   (no cloak)
rCorr   +          Rampage  .   (gloves unavailable)
Will    .....                   (boots unavailable)
Stlth   +.........              C - amulet of Ytwezet {Acrobat Int+3}
HPRegen 1.07/turn               h - +6 ring of dexterity
MPRegen 0.12/turn               o - +6 ring of strength

@: no status effects
A: large, unfitting armour, claws 3, regeneration 1, shaggy fur 1, tough skin 1,
weak 1
a: Renounce Religion, Berserk, Trog's Hand, Brothers in Arms


You were on level 1 of the Lair of Beasts.
You worshipped Trog.
Trog was greatly pleased with you.
You visited 2 branches of the dungeon, and saw 11 of its levels.

You collected 578 gold pieces.

Inventory:

Hand Weapons
 j - a +5 flail of venom
 q - a +1 giant club
 r - a +0 giant spiked club (weapon)
 B - the +8 war axe of the Valley {vamp, Str+5 SInv}
   (You found it on level 7 of the Dungeon)

   It occasionally heals its wielder for a portion of the damage dealt when it
   wounds a living foe.
   Str:       It affects your strength (+5).
   SInv:      It lets you see invisible.
 J - a +3 dagger of chaos
Missiles
 D - 7 large rocks (quivered)
Armour
 b - a +0 animal skin
 l - a +1 hat (worn)
 A - the +4 robe of Ywnora {Str-5 Dex+3 Slay+3 Archmagi}
   (You found it on level 7 of the Dungeon)

   Str:       It affects your strength (-5).
   Dex:       It affects your dexterity (+3).
   Slay:      It affects your accuracy & damage with ranged weapons and melee
   (+3).
   Archmagi:  It increases the power of your magical spells.
 G - +0 acid dragon scales (worn)
Jewellery
 a - a ring of flight
 h - a +6 ring of dexterity (left claw)
 o - a +6 ring of strength (right claw)
 p - a ring of see invisible
 u - an amulet of regeneration
 w - an amulet of the acrobat
 C - the amulet of Ytwezet (around neck) {Acrobat Int+3}
   (You found it on level 10 of the Dungeon)

   [amulet of the acrobat]

   It increases your evasion while moving and waiting.
   Int:       It affects your intelligence (+3).
Wands
 n - a wand of paralysis (19)
 x - a wand of iceblast (7)
 z - a wand of acid (1)
 K - a wand of mindburst (9)
Scrolls
 f - 2 scrolls of fog
 k - a scroll of immolation
 m - 3 scrolls of enchant armour
 v - a scroll of fear
 y - a scroll of poison
 E - a scroll of acquirement
 I - a scroll of teleportation {unknown}
 L - a scroll of noise
Potions
 c - 5 potions of curing
 d - 2 potions of ambrosia
 e - 4 potions of attraction
 g - a potion of magic {unknown}
 i - a potion of invisibility
 s - 4 potions of might
 t - 2 potions of brilliance
 H - 2 potions of cancellation
 M - a potion of haste


   Skills:
 - Level 6.0 Fighting
 - Level 8.2 Maces & Flails
 + Level 11.5 Dodging
 - Level 4.0 Evocations


You had 10 spell levels left.
You didn't know any spells.
Your spell library was empty.

Dungeon Overview and Level Annotations

Branches:
Dungeon (10/15)            Temple (0/1) D:7            Lair (1/6) D:10
    Orc: D:9-12

Altars:
Ashenzari
Dithmenos
Elyvilon
Fedhas
Hepliaklqana
Kikubaaqudgha
Makhleb
Nemelex Xobeh
Qazlal
Trog
Wu Jian
Zin

Shops:
D:5 *   D:7 [   D:8 *


Innate Abilities, Weirdness & Mutations

You are too large for most types of armour.
You have claws for hands.
Your natural rate of healing is unusually fast.
You are covered in fur. (AC +1)
You have tough skin. (AC +1)
You are weak. (Str -2)


Message History

You impale the six-headed hydra!!
The six-headed hydra is heavily wounded.
You hear a loud, deep croak! x2
A bullfrog comes into view.
The six-headed hydra bites you but does no damage.
The six-headed hydra bites you.
The six-headed hydra closely misses you.
The six-headed hydra bites you. x3
A cane toad comes into view.
You barely miss the six-headed hydra.
The six-headed hydra is heavily wounded.
The six-headed hydra closely misses you.
The six-headed hydra bites you! x3; The six-headed hydra bites you.
The six-headed hydra barely misses you.
Unknown command.
You bludgeon the six-headed hydra!!
The six-headed hydra is almost dead.
The six-headed hydra barely misses you. The six-headed hydra misses you.
The six-headed hydra bites you but does no damage.
The six-headed hydra bites you! x2
The six-headed hydra closely misses you.
The six-headed hydra bites you but does no damage.
The six-headed hydra bites you!
The six-headed hydra closely misses you.
The six-headed hydra misses you. The six-headed hydra bites you!
* * * LOW HITPOINT WARNING * * *
The six-headed hydra barely misses you.
You sock the six-headed hydra!
The six-headed hydra is almost dead.
You hear the slow rumble of a distant avalanche of rocks.
The bullfrog hits you.
* * * LOW HITPOINT WARNING * * *
The six-headed hydra bites you.
* * * LOW HITPOINT WARNING * * *
The six-headed hydra bites you.
* * * LOW HITPOINT WARNING * * *
The six-headed hydra bites you!
* * * LOW HITPOINT WARNING * * *
The six-headed hydra bites you!
You die...

* ****,,* **#.................###
* *,,** *#.............†..## *
**,,** #..............†..# *
***.** *#................# **
*#.#*##............#...#*
,******* *#..#...........####...#
,,,,**,** #..............P#*#....
,,,,,,,,*##....D.........P#*.....
,,,,,,,,,......F@.[.....###*,....
,,,,,,**,#.......[......#**,,....
,,,,,*,,,..#.F..$.........,,,,*,,
,**,,*,,>.........?........,,***,
***,,,,,,.......#....#.....,*,*,,
*,,,,,,....#####........,,***,,
**,,,,,..#.,* #........,,,*,,,
*,,**,.##,** #..#####.,,,,,,,
***,,,,,,,,,* **** ***,,,,,,


You could see a six-headed hydra, a cane toad and a bullfrog.

Vanquished Creatures
  An ogre mage (D:10)
  A two-headed ogre (D:9)
  A cyclops (D:10)
  2 trolls (D:10)
  A hornet (D:7)
  A shadow (D:10)
  2 wraiths
  A wyvern (D:6)
  14 yaks
  Eustachio (D:4)
  A steam dragon (D:7)
  Edmund (D:4)
  Menkaure (D:4)
  2 acid dragons
  A water moccasin (D:5)
  An orc warrior (D:8)
  A sky beast (D:8)
  A black bear (D:4)
  An ice beast (D:5)
  A wolf (D:10)
  An ogre (D:5)
  4 centaurs (D:8)
  2 kobold brigands
  Blork the orc (D:4)
  3 bullfrogs
  3 scorpions
  4 wights (D:9)
  23 killer bees
  2 electric eels (D:10)
  2 centaur zombies (D:9)
  A jelly (D:4)
  9 hounds
  A human zombie (D:9)
  4 orc priests
  Ijyb (D:4)
  3 iguanas
  8 orc wizards
  3 mummies (D:9)
  2 howler monkey zombies (D:9)
  7 adders
  4 shadow imps
  2 worms (D:3)
  3 dart slugs
  24 orcs
  4 bats
  2 endoplasms
  3 giant cockroaches
  3 hobgoblins
  4 jackals (D:4)
  16 kobolds
  7 quokkas
  7 ball pythons
  3 frilled lizards
  9 goblins
  3 rats
214 creatures vanquished.

Vanquished Creatures (collateral kills)
  Joseph (D:9)
  Psyche (D:9)
  4 kobolds (D:9)
6 creatures vanquished.

Vanquished Creatures (others)
  2 plants (Lair:1)
2 creatures vanquished.

Grand Total: 222 creatures vanquished

Notes
Turn   | Place    | Note
-------+----------+-------------------------------------------
     0 | D:1      | om the Troll Berserker began the quest for the Orb.
     0 | D:1      | Reached XP level 1. HP: 22/22 MP: 0/0
   324 | D:1      | Reached XP level 2. HP: 29/29 MP: 1/1
   841 | D:2      | Reached XP level 3. HP: 36/36 MP: 2/2
  1280 | D:2      | Reached ** piety under Trog
  1369 | D:3      | Reached skill level 3 in Dodging
  1369 | D:3      | Reached XP level 4. HP: 45/45 MP: 3/3
  1659 | D:3      | Found a faded altar of an unknown god.
  1847 | D:3      | Reached XP level 5. HP: 51/53 MP: 4/4
  2191 | D:4      | Noticed Edmund
  2204 | D:4      | Killed Edmund
  2205 | D:4      | Reached skill level 5 in Maces & Flails
  2205 | D:4      | Reached XP level 6. HP: 29/61 MP: 5/5
  2359 | D:4      | Noticed Ijyb
  2361 | D:4      | Paralysed by Ijyb for 2 turns
  2368 | D:4      | Killed Ijyb
  2395 | D:4      | Noticed Menkaure
  2402 | D:4      | Killed Menkaure
  2454 | D:4      | Reached skill level 4 in Dodging
  2454 | D:4      | Reached XP level 7. HP: 67/70 MP: 6/6
  2523 | D:4      | Noticed Blork the orc
  2530 | D:4      | Killed Blork the orc
  2693 | D:4      | Reached *** piety under Trog
  2913 | D:4      | Noticed Eustachio
  2918 | D:4      | Killed Eustachio
  3064 | D:5      | Entered Level 5 of the Dungeon
  3082 | D:5      | Reached XP level 8. HP: 59/79 MP: 7/7
  3195 | D:5      | Found Zin's Purification Station.
  3197 | D:5      | Found a glowing silver altar of Zin.
  3281 | D:5      | Found a white marble altar of Elyvilon.
  3383 | D:5      | Found a blossoming altar of Fedhas.
  3625 | D:6      | Reached skill level 5 in Fighting
  3625 | D:6      | Reached skill level 5 in Dodging
  3828 | D:6      | Reached skill level 1 in Evocations
  3968 | D:6      | Found a bloodstained altar of Trog.
  4361 | D:7      | Found Ciqo's Armour Boutique.
  4370 | D:7      | Found a shadowy altar of Dithmenos.
  4399 | D:7      | Found a staircase to the Ecumenical Temple.
  4526 | D:7      | Identified the +4 robe of Ywnora {Str-5 Dex+3 Slay+3
                  | Archmagi}
  4604 | D:7      | Noticed a hornet
  4608 | D:7      | Killed a hornet
  4609 | D:7      | Reached XP level 9. HP: 88/88 MP: 8/8
  4714 | D:7      | Found a hazy altar of Hepliaklqana.
  4826 | D:7      | Found a stormy altar of Qazlal.
  4859 | D:7      | Found a burning altar of Makhleb.
  5013 | D:7      | Identified the +8 war axe of the Valley {vamp, Str+5 SInv}
  5094 | D:8      | Found an ornate altar of the Wu Jian Council.
  5438 | D:8      | Found Muhyl's Gadget Gallery.
  5499 | D:8      | Identified a scroll of acquirement
  5615 | D:8      | Reached skill level 6 in Dodging
  5655 | D:8      | Reached **** piety under Trog
  5854 | D:9      | Noticed Psyche
  5862 | D:9      | Killed Psyche
  5863 | D:9      | Reached skill level 7 in Dodging
  5872 | D:9      | Reached XP level 10. HP: 83/98 MP: 9/9
  6017 | D:9      | Found a sparkling altar of Nemelex Xobeh.
  6076 | D:9      | Found an ancient bone altar of Kikubaaqudgha.
  6211 | D:9      | Gained mutation: Your body sometimes deteriorates upon
                  | taking damage. [potion of mutation]
  6211 | D:9      | Gained mutation: You are weak. (Str -2) [potion of
                  | mutation]
  6211 | D:9      | Lost mutation: Your body sometimes deteriorates upon taking
                  | damage. [potion of mutation]
  6366 | D:9      | Noticed Joseph
  6383 | D:9      | Killed Joseph
  6384 | D:9      | Reached skill level 8 in Dodging
  6568 | D:9      | Noticed a two-headed ogre
  6577 | D:9      | Killed a two-headed ogre
  6630 | D:10     | Entered Level 10 of the Dungeon
  6704 | D:10     | Reached skill level 9 in Dodging
  6799 | D:10     | Noticed a cyclops
  6810 | D:10     | Killed a cyclops
  6811 | D:10     | Noticed an ogre mage
  6819 | D:10     | Killed an ogre mage
  6820 | D:10     | Reached skill level 10 in Dodging
  6842 | D:10     | Identified the amulet of Ytwezet {Acrobat Int+3}
  7056 | D:10     | Reached XP level 11. HP: 105/105 MP: 10/10
  7077 | D:10     | Found a staircase to the Lair.
  7210 | D:10     | Found a broken altar of Ashenzari.
  7346 | D:10     | Reached skill level 11 in Dodging
  7886 | Lair:1   | Entered Level 1 of the Lair of Beasts
  7922 | Lair:1   | Noticed a six-headed hydra
  7925 | Lair:1   | Identified the +8 plate armour of Pantheism {rC+ rCorr
                  | Int+3}
  7931 | Lair:1   | Slain by a six-headed hydra

Illustrated notes

Levels and vault maps discovered:
D:1:      sevenhm_arrival_forest_fort_small_3, layout_loops_ring,
          minmay_bisected
D:2:      layout_rooms
D:3:      minmay_skewed_foursquare, layout_basic, serial_corexii_hall,
          corexii_hall_statues_i, corexii_hall_statues_t,
          dreamdust_ecumenical_altar_grove, kennysheep_nub
D:4:      layout_gridville, uniq_eustachio, uniq_blork_the_orc, uniq_edmund,
          uniq_menkaure, uniq_ijyb
D:5:      layout_cave_pools, nicolae_elyvilon_peaceful_grove,
          lemuel_round_altar, zin_purify
D:6:      layout_loops_ring, lemuel_tele_altar, hangedman_decor_peaks_small,
          minivault_11
D:7:      layout_basic, grunt_dithmenos_smoke_and_mirrors,
          mainiacjoe_overflow_24_doors, lightli_temple_of_fire,
          mainiacjoe_overflow_alcove_1, minmay_temple_entry_glass, serial_shops,
          shop
D:8:      nicolae_whirlpool, layout_rooms, nicolae_wu_jian_wuxing_cycle,
          nicolae_shop_gadgets
D:9:      layout_long_grid, mainiacjoe_overflow_small_starburst,
          lemuel_mausoleum_altar_kikubaaqudgha, kennysheep_generic_room_13,
          uniq_joseph, uniq_psyche
D:10:     layout_loops_corners, mainiacjoe_overflow_tiny_flanked,
          erik_lair_island, minmay_checkerbox
Lair:1:   layout_layer_cave, nicolae_volcano_entry_lava_flow, st_stairs_3,
          kennysheep_abandoned_house, grunt_megastairs_5, serial_bayou_shore_b

Skill      XL: |  1  2  3  4  5  6  7  8  9 10 11 |
---------------+----------------------------------+-----
Maces & Flails | 3 4 5 6 8 |  8.2
Fighting       | 3 4 5 6 |  6.0
Dodging        | 3 4 5 7 10 11 | 11.5
Evocations     | 1 4 |  4.0

Action                   |  1- 3 |  4- 6 |  7- 9 | 10-12 || total
-------------------------+-------+-------+-------+-------++-------
Melee: Mace              |   113 |   114 |       |       ||   227
       Punch             |     1 |     1 |     1 |     2 ||     5
       Flail             |       |    25 |    37 |       ||    62
       Giant club        |       |       |    75 |       ||    75
       War axe           |       |       |    56 |   205 ||   261
       Giant spiked club |       |       |       |     5 ||     5
Throw: Large rock        |       |       |     4 |       ||     4
Invok: Berserk           |     3 |     3 |     4 |     2 ||    12
       Brothers in Arms  |       |       |     1 |     1 ||     2
Evoke: Wand              |       |       |     3 |     1 ||     4
  Use: Scroll            |     7 |     2 |     4 |     5 ||    18
       Potion            |     4 |     1 |       |     1 ||     6
 Stab: Sleeping          |       |     1 |     2 |     1 ||     4
       Paralysed         |       |       |       |     5 ||     5
Armor: Animal skin       |    55 |    65 |    22 |       ||   142
       Robe              |       |       |    34 |       ||    34
       Acid dragon scale |       |       |     7 |    85 ||    92
Dodge: Dodged            |    78 |    78 |   164 |   256 ||   576
Block: Other             |       |     2 |    16 |    16 ||    34
       Reflection        |       |     1 |       |       ||     1

Table legend: (Time is in decaauts)
 A = Elapsed time spent in this place.
 B = Non-inter-level travel time spent in this place.
 C = Inter-level travel time spent in this place.
 D = Time resting spent in this place.
 E = Time spent auto-exploring this place.
 F = Levels seen in this place.
 G = Mean time per level.
                   A        B        C        D        E       F      G
               +--------+--------+--------+--------+--------+-----+--------+
         Total |   8194 |   7868 |    326 |    764 |   5286 |  11 |  744.9 |
       Dungeon |   8145 |   7826 |    319 |    764 |   5286 |  10 |  814.5 |
          Lair |     49 |     42 |      7 |      0 |      0 |   1 |   49.0 |
               +--------+--------+--------+--------+--------+-----+--------+

Top non-repeatable levels by time:
    D:10: 1318 daAuts
     D:4: 1022 daAuts
     D:9: 858 daAuts
     D:7: 799 daAuts
     D:8: 774 daAuts
     D:6: 773 daAuts
     D:3: 754 daAuts
     D:1: 690 daAuts
     D:2: 682 daAuts
     D:5: 471 daAuts
  Lair:1: 49 daAuts
